[ AOE2 MATCH · #507260317 ]
UnrankedPoles vs Tupi
Player's team · WIN
[ REPLAY ANALYSIS · EXTRACTED FROM THE RECORDED GAME ]
Feudal
9:30
Castle
21:33
Imperial
33:13
| APM avg | 57.2 |
| APM peak | 90 |
| eAPM avg | 23.2 |
| Villagers / military | 105 / 47 |
Focus
⚔️ 38.5% · 🌾 61.5%
Archer ×38 · Knight ×4 · Monk ×2 · Battering Ram ×2 · Mangonel ×1
Feudal
8:52
Castle
25:58
Imperial
—
| APM avg | 72.3 |
| APM peak | 128 |
| eAPM avg | 31.6 |
| Villagers / military | 102 / 14 |
Focus
⚔️ 40.6% · 🌾 59.4%
Unknown (2579) ×36 · Unknown (2550) ×10 · Skirmisher ×7 · Archer ×5 · Mangonel ×1 · Scorpion ×1
Match map
Initial resources + every placement click. Lines = walls · curves = elevation contours. ◆ gold · ⬟ stone · ● berries · ✦ relic · ◌ wall gap
Your base· Open — 3t gap
♠ 壹喆's base· Open — 7t gap
Smoothed initial terrain · ◌ = detected wall gap · hover for details
Inputs per minute
— Dr Housed - - ♠ 壹喆
Build order — Dr Housed
First 150 of 268 actions detected
| 0:00 | Queue | Villager (Male) |
| 0:02 | Build | House |
| 0:03 | Build | House |
| 0:09 | Queue | Villager (Male) |
| 0:10 | Queue | Villager (Male) |
| 0:22 | Queue | Villager (Male) |
| 0:22 | Queue | Villager (Male) |
| 1:26 | Queue | Villager (Male) |
| 1:47 | Build | Lumber Camp |
| 1:59 | Queue | Villager (Male) |
| 2:15 | Queue | Villager (Male) |
| 2:49 | Build | House |
| 3:07 | Queue | Villager (Male) |
| 3:07 | Queue | Villager (Male) |
| 3:15 | Queue | Villager (Male) |
| 3:27 | Queue | Villager (Male) |
| 3:34 | Build | Mill |
| 4:09 | Queue | Villager (Male) |
| 4:11 | Queue | Villager (Male) |
| 4:11 | Queue | Villager (Male) |
| 4:42 | Queue | Villager (Male) |
| 4:46 | Queue | Villager (Male) |
| 5:26 | Queue | Villager (Male) |
| 5:51 | Build | House |
| 5:54 | Build | Palisade Wall |
| 5:56 | Queue | Villager (Male) |
| 6:23 | Build | House |
| 6:45 | Research | Loom |
| 6:56 | Build | Palisade Wall |
| 7:20 | Research | Feudal Age |
| 7:55 | Build | Palisade Wall |
| 8:06 | Queue | Villager (Male) |
| 8:17 | Build | Palisade Wall |
| 8:19 | Build | Palisade Wall |
| 8:49 | Build | Barracks |
| 8:54 | Queue | Villager (Male) |
| 9:30 | Age | Feudal Age |
| 9:31 | Build | Mining Camp |
| 9:43 | Build | House |
| 9:49 | Build | Palisade Wall |
| 10:01 | Research | Double-Bit Axe |
| 10:18 | Queue | Villager (Male) |
| 10:39 | Queue | Villager (Male) |
| 10:46 | Build | Archery Range |
| 10:53 | Build | House |
| 10:54 | Build | Palisade Wall |
| 10:57 | Queue | Villager (Male) |
| 11:12 | Build | Palisade Wall |
| 11:17 | Queue | Villager (Male) |
| 11:17 | Queue | Villager (Male) |
| 11:34 | Queue | Archer |
| 11:34 | Queue | Archer |
| 11:41 | Build | Palisade Wall |
| 11:53 | Research | Horse Collar |
| 12:09 | Build | Farm |
| 12:17 | Queue | Archer |
| 12:26 | Queue | Villager (Male) |
| 12:40 | Queue | Villager (Male) |
| 12:44 | Build | Watch Tower |
| 12:56 | Queue | Villager (Male) |
| 13:05 | Queue | Villager (Male) |
| 13:13 | Build | Blacksmith |
| 13:14 | Queue | Villager (Male) |
| 13:22 | Queue | Villager (Male) |
| 13:50 | Queue | Villager (Male) |
| 13:55 | Build | Lumber Camp |
| 13:55 | Queue | Villager (Male) |
| 13:57 | Research | Fletching |
| 13:59 | Queue | Archer |
| 13:59 | Queue | Archer |
| 13:59 | Queue | Villager (Male) |
| 14:02 | Build | House |
| 14:03 | Build | House |
| 14:06 | Build | House |
| 14:26 | Queue | Archer |
| 14:28 | Queue | Villager (Male) |
| 14:32 | Queue | Villager (Male) |
| 14:41 | Build | Mill |
| 14:47 | Queue | Archer |
| 15:02 | Build | Farm |
| 15:04 | Build | Farm |
| 15:22 | Build | Farm |
| 15:23 | Build | Farm |
| 15:31 | Queue | Archer |
| 15:33 | Queue | Villager (Male) |
| 15:34 | Build | Farm |
| 15:38 | Build | Farm |
| 15:42 | Queue | Archer |
| 15:45 | Build | Farm |
| 15:53 | Queue | Villager (Male) |
| 15:56 | Build | Farm |
| 16:01 | Queue | Archer |
| 16:13 | Build | Mill |
| 16:15 | Build | Farm |
| 16:17 | Queue | Villager (Male) |
| 16:20 | Queue | Archer |
| 16:31 | Queue | Villager (Male) |
| 16:34 | Build | Farm |
| 16:38 | Queue | Villager (Male) |
| 16:39 | Build | House |
| 16:45 | Research | Town Watch |
| 16:49 | Build | House |
| 17:05 | Build | House |
| 17:08 | Queue | Archer |
| 17:09 | Queue | Villager (Male) |
| 17:10 | Build | Farm |
| 17:14 | Build | Farm |
| 17:27 | Queue | Villager (Male) |
| 17:30 | Build | Farm |
| 17:32 | Build | Farm |
| 17:34 | Build | Farm |
| 17:45 | Queue | Archer |
| 17:46 | Queue | Villager (Male) |
| 18:21 | Build | Palisade Wall |
| 18:53 | Research | Castle Age |
| 18:55 | Build | Palisade Wall |
| 19:02 | Queue | Archer |
| 19:03 | Research | Gold Mining |
| 19:34 | Queue | Archer |
| 19:51 | Research | Padded Archer Armor |
| 20:19 | Queue | Archer |
| 20:22 | Build | House |
| 20:34 | Build | Stable |
| 20:52 | Queue | Archer |
| 21:01 | Build | Palisade Wall |
| 21:26 | Build | House |
| 21:33 | Age | Castle Age |
| 21:35 | Research | Bodkin Arrow |
| 21:37 | Research | Crossbowman (upgrade) |
| 21:38 | Queue | Villager (Male) |
| 21:39 | Queue | Villager (Male) |
| 21:41 | Queue | Villager (Male) |
| 21:47 | Build | Town Center |
| 21:48 | Queue | Villager (Male) |
| 21:52 | Queue | Villager (Male) |
| 22:06 | Queue | Villager (Male) |
| 22:07 | Research | Heavy Plow |
| 22:30 | Research | Bow Saw |
| 22:32 | Queue | Villager (Male) |
| 22:40 | Build | Market |
| 22:50 | Research | Wheelbarrow |
| 22:54 | Build | Mill |
| 22:55 | Build | Farm |
| 22:55 | Build | Farm |
| 22:55 | Build | Farm |
| 22:55 | Build | Farm |
| 22:56 | Build | Farm |
| 22:56 | Build | Farm |
| 22:56 | Build | Farm |
| 23:20 | Queue | Villager (Male) |
Build order — ♠ 壹喆
First 150 of 270 actions detected
| 0:00 | Queue | Villager (Male) |
| 0:01 | Queue | Villager (Male) |
| 0:01 | Queue | Villager (Male) |
| 0:02 | Build | House |
| 0:03 | Build | House |
| 0:08 | Queue | Villager (Male) |
| 1:07 | Queue | Villager (Male) |
| 1:31 | Queue | Villager (Male) |
| 1:32 | Queue | Villager (Male) |
| 2:05 | Queue | Villager (Male) |
| 2:23 | Build | Settlement |
| 2:48 | Queue | Villager (Male) |
| 2:48 | Queue | Villager (Male) |
| 2:53 | Queue | Villager (Male) |
| 3:40 | Queue | Villager (Male) |
| 3:40 | Queue | Villager (Male) |
| 4:05 | Queue | Villager (Male) |
| 4:06 | Queue | Villager (Male) |
| 4:31 | Queue | Villager (Male) |
| 4:32 | Queue | Villager (Male) |
| 4:35 | Queue | Villager (Male) |
| 5:19 | Queue | Villager (Male) |
| 5:19 | Queue | Villager (Male) |
| 5:43 | Build | Barracks |
| 6:01 | Research | Loom |
| 6:42 | Research | Feudal Age |
| 6:42 | Research | Feudal Age |
| 7:06 | Build | Settlement |
| 7:20 | Queue | Unit 2550 |
| 7:20 | Queue | Unit 2550 |
| 8:09 | Queue | Unit 2550 |
| 8:13 | Build | House |
| 8:35 | Queue | Unit 2550 |
| 8:52 | Age | Feudal Age |
| 8:54 | Queue | Villager (Male) |
| 8:56 | Research | Horse Collar |
| 8:58 | Research | Double-Bit Axe |
| 8:58 | Research | Double-Bit Axe |
| 9:05 | Research | Tech 1402 |
| 9:19 | Queue | Villager (Male) |
| 9:47 | Queue | Villager (Male) |
| 9:54 | Queue | Villager (Male) |
| 10:00 | Build | Archery Range |
| 10:02 | Queue | Villager (Male) |
| 10:19 | Build | House |
| 10:23 | Queue | Villager (Male) |
| 10:44 | Queue | Villager (Male) |
| 10:55 | Queue | Villager (Male) |
| 10:57 | Build | Settlement |
| 10:59 | Queue | Villager (Male) |
| 11:07 | Queue | Archer |
| 11:11 | Build | Palisade Wall |
| 11:23 | Queue | Villager (Male) |
| 11:27 | Queue | Archer |
| 11:35 | Queue | Villager (Male) |
| 11:44 | Research | Arson |
| 11:44 | Research | Arson |
| 11:44 | Queue | Villager (Male) |
| 11:47 | Build | Farm |
| 11:57 | Queue | Villager (Male) |
| 12:01 | Build | Palisade Wall |
| 12:25 | Build | Watch Tower |
| 12:27 | Queue | Villager (Male) |
| 12:36 | Build | House |
| 12:36 | Queue | Villager (Male) |
| 12:37 | Queue | Archer |
| 12:46 | Build | Farm |
| 12:47 | Build | Farm |
| 12:51 | Build | Palisade Wall |
| 13:00 | Queue | Villager (Male) |
| 13:09 | Build | House |
| 13:30 | Build | Watch Tower |
| 13:36 | Queue | Villager (Male) |
| 13:52 | Queue | Archer |
| 13:55 | Build | Farm |
| 14:02 | Build | Palisade Wall |
| 14:05 | Build | House |
| 14:08 | Queue | Villager (Male) |
| 14:10 | Build | Farm |
| 14:20 | Queue | Villager (Male) |
| 14:23 | Build | Farm |
| 14:31 | Queue | Unit 2550 |
| 14:54 | Build | Watch Tower |
| 15:05 | Queue | Villager (Male) |
| 15:14 | Queue | Villager (Male) |
| 15:16 | Build | Farm |
| 15:19 | Queue | Unit 2550 |
| 15:29 | Queue | Villager (Male) |
| 15:31 | Build | Farm |
| 15:34 | Build | Palisade Gate |
| 15:35 | Build | House |
| 15:43 | Build | House |
| 16:01 | Queue | Villager (Male) |
| 16:05 | Build | Farm |
| 16:06 | Queue | Unit 2550 |
| 16:43 | Build | House |
| 16:48 | Queue | Villager (Male) |
| 16:49 | Build | Blacksmith |
| 16:52 | Build | House |
| 17:09 | Queue | Villager (Male) |
| 17:19 | Build | Watch Tower |
| 17:26 | Queue | Villager (Male) |
| 17:28 | Build | Farm |
| 17:29 | Queue | Archer |
| 17:51 | Build | Farm |
| 17:52 | Research | Scale Mail Armor |
| 17:53 | Build | Farm |
| 17:58 | Queue | Villager (Male) |
| 18:00 | Queue | Villager (Male) |
| 18:06 | Queue | Villager (Male) |
| 18:36 | Build | Watch Tower |
| 18:44 | Queue | Skirmisher |
| 18:45 | Queue | Skirmisher |
| 18:53 | Build | Farm |
| 18:54 | Build | Farm |
| 18:55 | Build | Farm |
| 19:00 | Queue | Unit 2550 |
| 19:06 | Build | Barracks |
| 19:10 | Queue | Villager (Male) |
| 19:27 | Build | Palisade Wall |
| 19:28 | Build | Palisade Wall |
| 19:37 | Queue | Skirmisher |
| 19:38 | Research | Padded Archer Armor |
| 19:48 | Queue | Villager (Male) |
| 19:51 | Build | Market |
| 20:03 | Queue | Skirmisher |
| 20:15 | Queue | Skirmisher |
| 20:17 | Queue | Unit 2550 |
| 20:19 | Queue | Unit 2550 |
| 20:29 | Research | Fletching |
| 20:40 | Queue | Skirmisher |
| 20:53 | Build | Settlement |
| 21:04 | Queue | Villager (Male) |
| 21:14 | Queue | Skirmisher |
| 21:31 | Build | Settlement |
| 21:38 | Build | House |
| 21:43 | Build | Stone Wall |
| 21:51 | Build | Watch Tower |
| 21:56 | Build | House |
| 21:57 | Build | House |
| 21:59 | Build | Farm |
| 22:02 | Queue | Villager (Male) |
| 22:07 | Build | House |
| 22:12 | Queue | Villager (Male) |
| 22:33 | Build | Stone Wall |
| 22:40 | Build | House |
| 22:48 | Queue | Villager (Male) |
| 22:50 | Build | Farm |
| 23:18 | Research | Castle Age |
| 23:18 | Research | Castle Age |
Match timeline
| 5:43 | ♠ 壹喆 · first_building Barracks |
| 5:54 | Dr Housed · wall_segment Palisade Wall x4 |
| 6:56 | Dr Housed · wall_segment Palisade Wall x3 |
| 7:55 | Dr Housed · wall_segment Palisade Wall x11 |
| 8:17 | Dr Housed · wall_segment Palisade Wall x2 |
| 8:19 | Dr Housed · wall_segment Palisade Wall x6 |
| 8:49 | Dr Housed · first_building Barracks |
| 8:52 | ♠ 壹喆 · age_up feudal |
| 9:30 | Dr Housed · age_up feudal |
| 9:49 | Dr Housed · wall_segment Palisade Wall x9 |
| 10:00 | ♠ 壹喆 · first_building Archery Range |
| 10:46 | Dr Housed · first_building Archery Range |
| 10:54 | Dr Housed · wall_segment Palisade Wall x1 |
| 11:11 | ♠ 壹喆 · wall_segment Palisade Wall x7 |
| 11:12 | Dr Housed · wall_segment Palisade Wall x4 |
| 11:41 | Dr Housed · wall_segment Palisade Wall x1 |
| 12:01 | ♠ 壹喆 · wall_segment Palisade Wall x8 |
| 12:51 | ♠ 壹喆 · wall_segment Palisade Wall x11 |
| 14:02 | ♠ 壹喆 · wall_segment Palisade Wall x10 |
| 18:21 | Dr Housed · wall_segment Palisade Wall x1 |
| 18:55 | Dr Housed · wall_segment Palisade Wall x1 |
| 19:27 | ♠ 壹喆 · wall_segment Palisade Wall x1 |
| 19:28 | ♠ 壹喆 · wall_segment Palisade Wall x1 |
| 20:34 | Dr Housed · first_building Stable |
| 21:01 | Dr Housed · wall_segment Palisade Wall x1 |
| 21:33 | Dr Housed · age_up castle |
| 21:43 | ♠ 壹喆 · wall_segment Stone Wall x14 |
| 22:33 | ♠ 壹喆 · wall_segment Stone Wall x1 |
| 22:52 | ♠ 壹喆 · first_market_buy 100 food |
| 22:52 | ♠ 壹喆 · first_market_sell 100 wood |
| 23:50 | Dr Housed · first_building Siege Workshop |
| 24:22 | Dr Housed · first_market_buy 100 wood |
| 25:48 | Dr Housed · first_building Monastery |
| 25:58 | ♠ 壹喆 · age_up castle |
| 26:00 | ♠ 壹喆 · first_building Castle |
| 26:59 | Dr Housed · first_market_sell 100 food |
| 28:08 | ♠ 壹喆 · first_building Siege Workshop |
| 32:06 | Dr Housed · first_building Castle |
| 33:13 | Dr Housed · age_up imperial |
| 33:30 | ♠ 壹喆 · resign |
[ AI ANALYSIS · 1 CREDIT ]
What really happened in this match?
Wolo.gg analyzes every decision: build order, eco, micro, common mistakes by bracket. Personalized analysis on WhatsApp or Discord in 30 seconds.
Civ guide
Poles
Perfil
Jugador #6892920